| TOP OF THE 1ST |
|
Oakland Athletics batting - Pitching for Montreal Expos : RHP Jonathan Jackson
|
|
Pitching: RHP Jonathan Jackson
|
|
|
Batting: RHB Muneo Kawachi
|
0-0: Fly out, F8 (Flyball, 8LXD, EV 90.6 MPH)
|
|
Batting: RHB Danny Murillo
|
0-0: Ball 1-0: Ball 2-0: Ball 3-0: Base on Balls
|
|
Batting: LHB Nate Dean
|
0-0: Swinging Strike 0-1: Foul Ball, location: 2F 0-2: Strikes out swinging
|
|
Batting: SHB Bob Morales
|
0-0: Ball 1-0: Called Strike 1-1: Swinging Strike 1-2: Ball 2-2: Ball 3-2: Foul Ball, location: 2F 3-2: Strikes out looking
|
| Top of the 1st over - 0 runs, 0 hits, 0 errors, 1 left on base; Oakland 0 - Montreal 0 |
| BOTTOM OF THE 1ST |
|
Montreal Expos batting - Pitching for Oakland Athletics : RHP Taek-gyun Kym
|
|
Pitching: RHP Taek-gyun Kym
|
|
|
Batting: RHB Robby Juarez
|
0-0: Called Strike 0-1: Ball 1-1: Ball 2-1: Ground out 6-3 (Groundball, 6, EV 79.4 MPH)
|
|
Batting: LHB Steve Anderson
|
0-0: Called Strike 0-1: DOUBLE (Line Drive, 78D, EV 107.5 MPH)
|
|
Batting: RHB Mike Salmon
|
0-0: Ball 1-0: Foul Ball, location: 2F 1-1: Foul Ball, location: 2F 1-2: Ball 2-2: Ball 3-2: Fly out, F8 (Flyball, 8RD, EV 89.4 MPH)
|
|
Batting: RHB Hugo Bautista
|
0-0: Ground out 4-3 (Groundball, 4MD, EV 101.9 MPH)
|
| Bottom of the 1st over - 0 runs, 1 hit, 0 errors, 1 left on base; Oakland 0 - Montreal 0 |
| TOP OF THE 2ND |
|
Oakland Athletics batting - Pitching for Montreal Expos : RHP Jonathan Jackson
|
|
Batting: LHB George Leary
|
0-0: Called Strike 0-1: Ball 1-1: Foul Ball, location: 2F 1-2: Ball 2-2: Strikes out swinging
|
|
Batting: RHB Danny Miramontes
|
0-0: Foul Ball, location: 2F 0-1: DOUBLE (Line Drive, 89D, EV 105.0 MPH)
|
|
Batting: SHB Robert Handy
|
0-0: Foul Ball, location: 2F 0-1: Ball 1-1: Foul Ball, location: 2F 1-2: Ground out 6-3 (Groundball, 4M, EV 103.8 MPH) Danny Miramontes to third
|
|
Batting: RHB Sébastien Piat
|
0-0: Called Strike 0-1: Swinging Strike 0-2: Strikes out swinging, 2-3 out at first.
|
| Top of the 2nd over - 0 runs, 1 hit, 0 errors, 1 left on base; Oakland 0 - Montreal 0 |
| BOTTOM OF THE 2ND |
|
Montreal Expos batting - Pitching for Oakland Athletics : RHP Taek-gyun Kym
|
|
Batting: LHB Jimmy Buscemi
|
0-0: Ball 1-0: Swinging Strike 1-1: SOLO HOME RUN (Flyball, 9LD, EV 97.5 MPH), Distance : 345 ft
|
|
Batting: SHB Pete Barutha
|
0-0: Ball 1-0: Ball 2-0: Foul Ball, location: 2F 2-1: Ground out U3 (Groundball, 34S, EV 79.4 MPH)
|
|
Batting: RHB Martin Chavez
|
0-0: Ball 1-0: Foul Ball, location: 2F 1-1: Ball 2-1: SOLO HOME RUN (Flyball, 7LD, EV 98.1 MPH), Distance : 375 ft
|
|
Batting: SHB Bran Stark
|
0-0: Swinging Strike 0-1: Ball 1-1: SINGLE (Groundball, 56S, EV 76.3 MPH) (infield hit)
|
|
Batting: RHB John Ham
|
0-0: Ball 1-0: Called Strike 1-1: Ball Bran Stark is caught stealing 2nd base 2-4 2-1: Foul Ball, location: 2F 2-2: Ball 3-2: TRIPLE (Line Drive, 89XD, EV 109.4 MPH)
|
|
Batting: RHB Robby Juarez
|
0-0: Ball 1-0: Foul Ball, location: 2F 1-1: Called Strike 1-2: Fly out, F7 (Flyball, 7LM, EV 98.1 MPH)
|
| Bottom of the 2nd over - 2 runs, 4 hits, 0 errors, 1 left on base; Oakland 0 - Montreal 2 |
| TOP OF THE 3RD |
|
Oakland Athletics batting - Pitching for Montreal Expos : RHP Jonathan Jackson
|
|
Batting: RHB Trevor Conklin
|
0-0: Called Strike 0-1: Foul Ball, location: 2F 0-2: Ground out 4-3 (Groundball, 4, EV 81.9 MPH)
|
|
Batting: RHB Muneo Kawachi
|
0-0: SINGLE (Groundball, 23, EV 77.5 MPH) (infield hit)
|
|
Batting: RHB Danny Murillo
|
0-0: Ball Muneo Kawachi is caught stealing 2nd base 2-4 1-0: Foul Ball, location: 2F 1-1: Ball 2-1: Foul Ball, location: 2F 2-2: Foul Ball, location: 2F 2-2: Ball 3-2: Foul Ball, location: 2F 3-2: Ground out 6-3 (Groundball, 6, EV 86.9 MPH)
|
| Top of the 3rd over - 0 runs, 1 hit, 0 errors, 0 left on base; Oakland 0 - Montreal 2 |
| BOTTOM OF THE 3RD |
|
Montreal Expos batting - Pitching for Oakland Athletics : RHP Taek-gyun Kym
|
|
Batting: LHB Steve Anderson
|
0-0: Ball 1-0: Ball 2-0: DOUBLE (Line Drive, 7LM, EV 105.6 MPH)
|
|
Batting: RHB Mike Salmon
|
0-0: Ball 1-0: Ball 2-0: Ball 3-0: Base on Balls
|
|
Batting: RHB Hugo Bautista
|
0-0: Ball 1-0: Called Strike 1-1: DOUBLE (Flyball, 9LD, EV 109.4 MPH) Steve Anderson scores Mike Salmon to third
|
|
Batting: LHB Jimmy Buscemi
|
0-0: Ball 1-0: Ball 2-0: Swinging Strike 2-1: Foul Ball, location: 2F 2-2: Ball 3-2: Base on Balls
|
|
Batting: SHB Pete Barutha
|
0-0: TRIPLE (Groundball, 3L, EV 96.9 MPH) Mike Salmon scores Hugo Bautista scores Jimmy Buscemi scores
|
|
Pitching: RHP Jake Gregor
|
|
|
Batting: RHB Martin Chavez
|
0-0: Ball Wild Pitch! Pete Barutha scores 1-0: Ball 2-0: Ball 3-0: Base on Balls
|
|
Batting: SHB Bran Stark
|
0-0: Ball 1-0: Ball 2-0: Ball 3-0: Called Strike 3-1: Swinging Strike 3-2: Strikes out swinging
|
|
Batting: RHB John Ham
|
0-0: Called Strike 0-1: Ball 1-1: Foul Ball, location: 2F 1-2: Strikes out looking
|
|
Batting: RHB Robby Juarez
|
0-0: Called Strike 0-1: Ball 1-1: Ground out 6-3 (Groundball, 6S, EV 90.0 MPH)
|
| Bottom of the 3rd over - 5 runs, 3 hits, 0 errors, 1 left on base; Oakland 0 - Montreal 7 |
| TOP OF THE 4TH |
|
Oakland Athletics batting - Pitching for Montreal Expos : RHP Jonathan Jackson
|
|
Batting: LHB Nate Dean
|
0-0: Swinging Strike 0-1: Foul Ball, location: 2F 0-2: Ball 1-2: Ball 2-2: Ground out 6-3 (Groundball, 6M, EV 103.8 MPH)
|
|
Batting: SHB Bob Morales
|
0-0: Fly out, F7 (Flyball, 78S, EV 88.8 MPH)
|
|
Batting: LHB George Leary
|
0-0: Ground out 6-3 (Groundball, 4, EV 86.3 MPH)
|
| Top of the 4th over - 0 runs, 0 hits, 0 errors, 0 left on base; Oakland 0 - Montreal 7 |
| BOTTOM OF THE 4TH |
|
Montreal Expos batting - Pitching for Oakland Athletics : RHP Jake Gregor
|
|
Batting: LHB Steve Anderson
|
0-0: Ground out 6-3 (Groundball, 6, EV 98.1 MPH)
|
|
Batting: RHB Mike Salmon
|
0-0: Ball 1-0: Called Strike 1-1: Foul Ball, location: 2F 1-2: Foul Ball, location: 2F 1-2: Fly out, F8 (Flyball, 8RM, EV 90.6 MPH)
|
|
Batting: RHB Hugo Bautista
|
0-0: Fly out, F4 (Line Drive, 4, EV 71.3 MPH)
|
| Bottom of the 4th over - 0 runs, 0 hits, 0 errors, 0 left on base; Oakland 0 - Montreal 7 |
| TOP OF THE 5TH |
|
Oakland Athletics batting - Pitching for Montreal Expos : RHP Jonathan Jackson
|
|
Pitching: RHP Tyler Lybrand
|
|
|
Batting: RHB Danny Miramontes
|
0-0: Called Strike 0-1: Foul Ball, location: 2F 0-2: Ball 1-2: Ball 2-2: Strikes out looking
|
|
Batting: SHB Robert Handy
|
0-0: Ball 1-0: DOUBLE (Line Drive, 9LS, EV 105.6 MPH)
|
|
Batting: RHB Sébastien Piat
|
0-0: Ground out 4-3 (Groundball, 4, EV 79.4 MPH) Robert Handy to third
|
|
Batting: RHB Trevor Conklin
|
0-0: Called Strike 0-1: Ball 1-1: Ground out 4-3 (Groundball, 4, EV 80.0 MPH)
|
| Top of the 5th over - 0 runs, 1 hit, 0 errors, 1 left on base; Oakland 0 - Montreal 7 |
| BOTTOM OF THE 5TH |
|
Montreal Expos batting - Pitching for Oakland Athletics : RHP Jake Gregor
|
|
Batting: LHB Jimmy Buscemi
|
0-0: Swinging Strike 0-1: Swinging Strike 0-2: Ball 1-2: Foul Ball, location: 2F 1-2: Ball 2-2: Strikes out swinging
|
|
Batting: SHB Pete Barutha
|
0-0: Called Strike 0-1: Foul Ball, location: 2F 0-2: SINGLE (Groundball, 34D, EV 96.3 MPH)
|
|
Batting: RHB Martin Chavez
|
0-0: Ball Pete Barutha steals 2nd base (no throw) 1-0: Ball 2-0: Foul Ball, location: 2F 2-1: Foul Ball, location: 2F 2-2: SINGLE (Groundball, 56D, EV 98.8 MPH) Pete Barutha to third
|
|
Batting: SHB Bran Stark
|
0-0: Called Strike 0-1: Foul Ball, location: 2F 0-2: Strikes out looking
|
|
Batting: RHB John Ham
|
0-0: Ball 1-0: Ball 2-0: SINGLE (Groundball, 56D, EV 101.9 MPH) Pete Barutha scores Martin Chavez to second
|
|
Pinch Hitting: LHB Danny Hull
|
0-0: Ball 1-0: Ball 2-0: Ground out U3 (Groundball, 3, EV 103.8 MPH)
|
| Bottom of the 5th over - 1 run, 3 hits, 0 errors, 2 left on base; Oakland 0 - Montreal 8 |
| TOP OF THE 6TH |
|
Oakland Athletics batting - Pitching for Montreal Expos : RHP Tyler Lybrand
|
|
Now at SS: Danny Hull
|
|
|
Batting: RHB Muneo Kawachi
|
0-0: Foul Ball, location: 2F 0-1: Called Strike 0-2: Ball 1-2: Strikes out swinging
|
|
Batting: RHB Danny Murillo
|
0-0: Ball 1-0: Ball 2-0: Swinging Strike 2-1: Foul Ball, location: 2F 2-2: Ball 3-2: Strikes out swinging, 2-3 out at first.
|
|
Batting: LHB Nate Dean
|
0-0: Called Strike 0-1: Swinging Strike 0-2: Ball 1-2: Strikes out swinging
|
| Top of the 6th over - 0 runs, 0 hits, 0 errors, 0 left on base; Oakland 0 - Montreal 8 |
| BOTTOM OF THE 6TH |
|
Montreal Expos batting - Pitching for Oakland Athletics : RHP Jake Gregor
|
|
Pinch Hitting: RHB Danny Diaz
|
0-0: Ball 1-0: DOUBLE (Flyball, 78D, EV 103.1 MPH)
|
|
Pitching: RHP Mike Chapman
|
|
|
Batting: SHB Hans Mikkelsen
|
0-0: Swinging Strike 0-1: Ball 1-1: Ball 2-1: Foul Ball, location: 2F 2-2: Foul Ball, location: 2F 2-2: Strikes out swinging
|
|
Batting: RHB Hugo Bautista
|
0-0: Reached on error, E6 (Groundball, 6M, EV 98.1 MPH) Danny Diaz scores
|
|
Pinch Hitting: RHB Jesse Basich
|
0-0: Swinging Strike 0-1: Ball 1-1: Foul Ball, location: 2F 1-2: SINGLE (Line Drive, 7S, EV 96.9 MPH) Hugo Bautista to third Runner from 3rd tries for Home, throw by LF and OUT! 7-2
|
|
Pinch Hitting: RHB Wing-kit Bu
|
0-0: Fielders Choice at 2nd, 5-4 (Groundball, 5, EV 108.8 MPH)
|
| Bottom of the 6th over - 1 run, 2 hits, 1 error, 1 left on base; Oakland 0 - Montreal 9 |
| TOP OF THE 7TH |
|
Oakland Athletics batting - Pitching for Montreal Expos : RHP Tyler Lybrand
|
|
Now at 1B: Jesse Basich
|
|
|
Now at 3B: Danny Diaz
|
|
|
Now in CF: Bran Stark
|
|
|
Now in RF: Wing-kit Bu
|
|
|
Pinch Hitting: LHB Tony Vitela
|
0-0: Ball 1-0: Ground out 4-3 (Groundball, 4M, EV 80.6 MPH)
|
|
Batting: LHB George Leary
|
0-0: Ball 1-0: Ball 2-0: Called Strike 2-1: Ball 3-1: SINGLE (Line Drive, 78S, EV 91.9 MPH)
|
|
Batting: RHB Danny Miramontes
|
0-0: Foul Ball, location: 2F 0-1: Ball 1-1: Ball 2-1: Foul Ball, location: 2F 2-2: Foul Ball, location: 2F 2-2: Foul Ball, location: 2F 2-2: Foul Ball, location: 2F 2-2: Fly out, F8 (Flyball, 8RM, EV 91.3 MPH)
|
|
Batting: SHB Robert Handy
|
0-0: Swinging Strike 0-1: Ball 1-1: Ball 2-1: Called Strike 2-2: Foul Ball, location: 2F 2-2: 2-RUN HOME RUN (Flyball, 9D, EV 96.9 MPH), Distance : 370 ft
|
|
Pinch Hitting: SHB Ryan Langlois
|
0-0: Called Strike 0-1: Foul Ball, location: 2F 0-2: Fly out, F4 (Flyball, 4MD, EV 78.1 MPH)
|
| Top of the 7th over - 2 runs, 2 hits, 0 errors, 0 left on base; Oakland 2 - Montreal 9 |
| BOTTOM OF THE 7TH |
|
Montreal Expos batting - Pitching for Oakland Athletics : RHP Mike Chapman
|
|
Now at 2B: Nate Dean
|
|
|
Now at SS: Ryan Langlois
|
|
|
Now in LF: Danny Murillo
|
|
|
Now in RF: Tony Vitela
|
|
|
Batting: RHB Martin Chavez
|
0-0: Ball 1-0: Called Strike 1-1: Ball 2-1: Foul Ball, location: 2F 2-2: Ball 3-2: Ground out 5-3 (Groundball, 56, EV 100.6 MPH)
|
|
Batting: SHB Bran Stark
|
0-0: Ball 1-0: Ball 2-0: Swinging Strike 2-1: Ball 3-1: Base on Balls
|
|
Batting: RHB John Ham
|
0-0: Called Strike 0-1: Ball 1-1: Called Strike 1-2: Fly out, F8 (Flyball, 89M, EV 95.6 MPH)
|
|
Batting: LHB Danny Hull
|
0-0: Ball 1-0: Called Strike 1-1: Ball 2-1: Fly out, F7 (Flyball, 7LS, EV 83.8 MPH)
|
| Bottom of the 7th over - 0 runs, 0 hits, 0 errors, 1 left on base; Oakland 2 - Montreal 9 |
| TOP OF THE 8TH |
|
Oakland Athletics batting - Pitching for Montreal Expos : RHP Tyler Lybrand
|
|
Pinch Hitting: RHB Eduardo Chavez
|
0-0: Ball 1-0: Fly out, F4 (Line Drive, 4, EV 64.4 MPH)
|
|
Batting: RHB Muneo Kawachi
|
0-0: Ball 1-0: Ball 2-0: Swinging Strike 2-1: Swinging Strike 2-2: Foul Ball, location: 2F 2-2: Ball 3-2: Base on Balls
|
|
Pitching: RHP Alan Taylor
|
|
|
Batting: RHB Danny Murillo
|
0-0: Ball 1-0: Fielders Choice at 2nd, 6-4 (Groundball, 56, EV 91.3 MPH)
|
|
Pinch Hitting: RHB Javier Garcia
|
0-0: Ball 1-0: Foul Ball, location: 2F 1-1: Ball 2-1: Foul Ball, location: 2F 2-2: Strikes out swinging
|
| Top of the 8th over - 0 runs, 0 hits, 0 errors, 1 left on base; Oakland 2 - Montreal 9 |
| BOTTOM OF THE 8TH |
|
Montreal Expos batting - Pitching for Oakland Athletics : RHP Mike Chapman
|
|
Now at 2B: Eduardo Chavez
|
|
|
Now at 3B: Javier Garcia
|
|
|
Batting: RHB Danny Diaz
|
0-0: Swinging Strike 0-1: Ball 1-1: Ball 2-1: Ball 3-1: Foul Ball, location: 2F 3-2: Strikes out swinging
|
|
Batting: SHB Hans Mikkelsen
|
0-0: Swinging Strike 0-1: Ball 1-1: Fly out, F9 (Line Drive, 9, EV 90.0 MPH)
|
|
Batting: RHB Hugo Bautista
|
0-0: Ball 1-0: Foul Ball, location: 2F 1-1: Called Strike 1-2: Strikes out swinging
|
| Bottom of the 8th over - 0 runs, 0 hits, 0 errors, 0 left on base; Oakland 2 - Montreal 9 |
| TOP OF THE 9TH |
|
Oakland Athletics batting - Pitching for Montreal Expos : RHP Alan Taylor
|
|
Pinch Hitting: RHB Jorge Bernal
|
0-0: Ball 1-0: Ball 2-0: Ground out U3 (Groundball, 34, EV 105.0 MPH)
|
|
Batting: LHB George Leary
|
0-0: Swinging Strike 0-1: Ball 1-1: SINGLE (Flyball, 8LS, EV 89.4 MPH)
|
|
Batting: RHB Danny Miramontes
|
0-0: Ball 1-0: Foul Ball, location: 2F 1-1: Swinging Strike 1-2: Strikes out swinging
|
|
Pinch Hitting: SHB Todd Hewitt
|
0-0: Ball 1-0: Foul Ball, location: 2F 1-1: Swinging Strike 1-2: Strikes out looking
|
| Top of the 9th over - 0 runs, 1 hit, 0 errors, 1 left on base; Oakland 2 - Montreal 9 |
|